 Dungeon Crawl Stone Soup version 0.30-a0-165-g1891117ce2 (webtiles) character file.

Game seed: 11448182409792469543

316 NinjaNoafa the Trooper (level 6, -31/60 HPs)
             Began as a Minotaur Monk on Sept 28, 2022.
             Was a Priest of Wu Jian.
             Killed by an exploding worm (43 damage)
             ... ignited by their inner flame
             ... on level 4 of the Dungeon.
             The game lasted 00:07:23 (3830 turns).

NinjaNoafa the Trooper (Minotaur Monk)              Turns: 3830, Time: 00:07:24

Health: -31/60     AC:  5    Str: 18    XL:     6   Next: 20%
Magic:  5/5        EV:  8    Int:  7    God:    Wu Jian [***...]
Gold:   188        SH: 11    Dex: 18    Spells: 5/5 levels left

rFire   . . .      SeeInvis .    a - +0 hand axe
rCold   . . .      Faith    .    s - +0 tower shield
rNeg    . . .      Spirit   .    k - +0 leather armour
rPois   .          Reflect  .    (helmet restricted)
rElec   .          Harm     .    (no cloak)
rCorr   .          Rampage  .    l - +0 pair of gloves
Will    .....                    j - +0 pair of boots
Stlth   ++........               (no amulet)
HPRegen 0.20/turn                r - +6 ring of dexterity
MPRegen 0.09/turn                (no ring)

@: no status effects
A: horns 2, retaliatory headbutt
a: Renounce Religion, Wall Jump, Serpent's Lash


You were on level 4 of the Dungeon.
You worshipped Wu Jian.
Wu Jian was most pleased with you.
You visited 1 branch of the dungeon, and saw 4 of its levels.
You also visited: Sewer.

You collected 188 gold pieces.

Inventory:

Hand Weapons
 a - a +0 hand axe (weapon)
Missiles
 c - 9 poisoned darts
 e - 6 boomerangs (quivered)
 i - 25 stones
 u - 6 javelins
Armour
 j - a +0 pair of boots (worn)
 k - a +0 leather armour (worn)
 l - a +0 pair of gloves (worn)
 s - a +0 tower shield (worn)
Jewellery
 r - a +6 ring of dexterity (left hand)
Scrolls
 d - 2 scrolls of blinking
 p - a scroll of amnesia {unknown}
 t - 2 scrolls of identify {unknown}
 w - a scroll of fear {unknown}
 x - a scroll of noise {unknown}
Potions
 f - a potion of haste
 g - a potion of lignification {unknown}
 h - a potion of degeneration {unknown}
 m - 4 potions of heal wounds
 n - 2 potions of mutation {unknown}
 o - 2 potions of curing
 q - 3 potions of flight
 v - a potion of ambrosia
 z - a potion of berserk rage {unknown}


   Skills:
 - Level 7.0 Fighting
 - Level 5.0 Axes
 - Level 3.0 Armour
 - Level 3.2 Dodging
 - Level 1.5 Stealth
 + Level 0.0 Shields


You had 5 spell levels left.
You didn't know any spells.
Your spell library contained the following spells:

 Spells                   Type           Power      Damage    Failure   Level
 Sublimation of Blood     Necr           0%         N/A       100%        2
 Wereblood                Tmut           0%         N/A       100%        2
 Summon Hydra             Summ           0%         N/A       100%        7


Dungeon Overview and Level Annotations

Branches:
Dungeon (4/15)              Sewer (visited)
 Temple: D:4-7

Altars:
Wu Jian

Annotations:
D:4 Menkaure


Innate Abilities, Weirdness & Mutations

You have a pair of horns on your head.
You reflexively headbutt those who attack you in melee.


Message History

You need to enable at least one skill for training.
There is nothing to wall jump against here.
Aiming: Wall Jump
Press: ? - help, Dir - move target A worm and Menkaure come into view.
You attack the worm from above.
Menkaure shouts!
You hit the worm.
The worm is moderately wounded.
You attack the worm from above.
You hit the worm.
The worm is lightly wounded.
The worm bites you. The worm closely misses you.
Okay, then.
As you read the scroll labelled VOSAGY LOPSURPH, it crumbles to dust.
The creatures around you are filled with an inner flame!
It was a scroll of immolation.
The worm barely misses you. The worm bites you. You block the worm's attack.
You spin to attack the worm, but your attack speed is too slow for a blow to land.
You spin and attack the worm.
You hit the worm.
Flame seeps out of the worm.
The worm is moderately wounded.
Throw: 6 boomerangs
Press: ? - help, Q - select action, (/) - cycle Shift-Dir - straight line, f - worm
Aim: a worm (lightly wounded, inner flame, 81% to hit)
You throw a boomerang. The boomerang hits the worm.
Flame seeps out of the worm.
The worm is heavily wounded.
The worm bites you.
The worm is engulfed in blazing flames.
The Council accepts your kill.
The worm explodes!
The fiery explosion engulfs you!!
* * * LOW HITPOINT WARNING * * *
The fiery explosion engulfs the worm!!
The Council accepts your kill.
You can now briefly move at supernatural speeds.
The fiery explosion engulfs the worm!!
The Council accepts your kill.
The worm explodes!
The fiery explosion engulfs you!!!
Ouch! That really hurt!
You die...

#.#.#
######...#####
#............# #
#.###.........
###.#.#
#...####.# ...#.#
##..# #
###.#.####..#
#....§§§....##
#....@§§.....#
#.....#§○####..#
####.#.§§§.......
#.#...####.. # #
..M.. ##..###
..ww .^... .....


You could see Menkaure (inner flame) and 2 worms.

Vanquished Creatures
  2 kobold brigands (Sewer)
  A hound (D:3)
  6 adders
  2 river rats
  5 worms
  3 dart slugs
  An orc (D:3)
  4 ball pythons
  4 endoplasms
  2 giant cockroaches
  5 goblins
  8 hobgoblins
  2 jackals (Sewer)
  9 kobolds
  2 quokkas (D:1)
  6 bats
  A frilled lizard (D:3)
  5 rats
  A spectral kobold (D:2)
69 creatures vanquished.

Notes
Turn   | Place    | Note
-------+----------+-------------------------------------------
     0 | D:1      | NinjaNoafa the Minotaur Monk began the quest for the Orb.
     0 | D:1      | Reached XP level 1. HP: 19/19 MP: 0/0
   153 | D:1      | Reached skill level 4 in Fighting
   456 | D:1      | Reached XP level 2. HP: 21/28 MP: 1/1
  1358 | D:2      | Reached skill level 5 in Fighting
  1614 | D:2      | Reached XP level 3. HP: 36/36 MP: 2/2
  1689 | D:2      | Reached skill level 1 in Armour
  1862 | D:2      | Found an ornate altar of the Wu Jian Council.
  1899 | D:2      | Found a faded altar of an unknown god.
  1950 | D:2      | Became a worshipper of the Wu Jian Council
  1950 | D:2      | Reached * piety under Wu Jian
  1950 | D:2      | Reached ** piety under Wu Jian
  2337 | D:3      | Reached XP level 4. HP: 27/42 MP: 3/3
  2735 | D:3      | Found a glowing drain.
  2754 | Sewer    | Entered a sewer
  2866 | Sewer    | Noticed a kobold brigand
  2884 | Sewer    | Noticed a kobold brigand
  2901 | Sewer    | Killed a kobold brigand
  2902 | Sewer    | Reached skill level 5 in Axes
  2902 | Sewer    | Reached XP level 5. HP: 46/50 MP: 4/4
  2913 | Sewer    | Reached skill level 6 in Fighting
  2990 | Sewer    | Found a glowing silver altar of Zin.
  3253 | D:3      | Reached XP level 6. HP: 57/58 MP: 5/5
  3823 | D:4      | Reached skill level 7 in Fighting
  3827 | D:4      | Noticed Menkaure
  3830 | D:4      | Reached *** piety under Wu Jian
  3830 | D:4      | Killed by an exploding worm... ignited by their inner flame

Illustrated notes

Levels and vault maps discovered:
D:1:      scummos_arrival_simple_fountains, layout_basic,
          nicolae_figureground_sparkle
D:2:      layout_basic, dreamdust_ecumenical_altar_drowned_temple, basic_altar,
          bh_walls_and_bars
D:3:      minmay_general_purpose_star, layout_rooms,
          cheibrodos_sewer_entry_sluice, serial_glass, glass_columns_c,
          glass_columns_a, due_unseen_surprise, item_on_display_a,
          minmay_strange_pillars, feat_on_display, minmay_misc_feat_diagonals,
          st_stairs_10, minmay_misc_feat_doors, chequers_serial_rivers_micro_d,
          kennysheep_generic_room_12
D:4:      wander_river, layout_loops_ring, minmay_temple_entry_from_below_a,
          serial_shops, shop, nicolae_wormholes, uniq_eustachio, uniq_menkaure,
          uniq_duvessa

Skill      XL: |  1  2  3  4  5  6 |
---------------+-------------------+-----
Fighting       | 4 5 6 7 |  7.0
Armour         | 3 |  3.0
Axes           | 5 |  5.0
Dodging        | |  3.2
Stealth        | |  1.5

Action                   |  1- 3 |  4- 6 || total
-------------------------+-------+-------++-------
Melee: Hand axe          |    70 |   114 ||   184
       Headbutt          |    11 |    14 ||    25
Throw: Boomerang         |       |     9 ||     9
Invok: Whirlwind         |       |    17 ||    17
       Lunge             |       |     3 ||     3
 Abil: Wall Jump         |     1 |    15 ||    16
  Use: Potion            |     1 |     3 ||     4
       Scroll            |     1 |     1 ||     2
 Stab: Sleeping          |     2 |     3 ||     5
Armor: Robe              |     8 |       ||     8
       Leather armour    |     6 |    32 ||    38
Dodge: Dodged            |    41 |    68 ||   109
Block: Buckler           |       |    12 ||    12
       Tower shield      |       |    28 ||    28

Table legend: (Time is in decaauts)
 A = Elapsed time spent in this place.
 B = Non-inter-level travel time spent in this place.
 C = Inter-level travel time spent in this place.
 D = Time resting spent in this place.
 E = Time spent auto-exploring this place.
 F = Levels seen in this place.
 G = Mean time per level.
                   A        B        C        D        E       F      G
               +--------+--------+--------+--------+--------+-----+--------+
         Total |   3925 |   3729 |    196 |      0 |   3002 |   5 |  785.0 |
       Dungeon |   3478 |   3282 |    196 |      0 |   2708 |   4 |  869.5 |
         Sewer |    447 |    447 |      0 |      0 |    294 |   1 |  447.0 |
               +--------+--------+--------+--------+--------+-----+--------+

Top non-repeatable levels by time:
     D:1: 1185 daAuts
     D:2: 1151 daAuts
     D:3: 1054 daAuts
   Sewer: 447 daAuts
     D:4: 87 daAuts
